 Dungeon Crawl Stone Soup version 0.18.1-47-g9310371 (webtiles) character file.

836 spiff the Firebug (level 7, 0/40 HPs)
             Began as a Deep Elf Fire Elementalist on June 23, 2016.
             Slain by a hound (1 damage)
             ... on level 6 of the Dungeon.
             The game lasted 00:14:29 (5366 turns).

spiff the Firebug (Deep Elf Fire Elementalist)      Turns: 5366, Time: 00:14:29

Health: 0/40       AC:  2    Str: 11    XL:     7   Next: 66%
Magic:  13/18      EV:  8    Int: 20    God:
Gold:   321        SH:  0    Dex: 15    Spells: 4 memorised, 5 levels left

rFire  . . .     SeeInvis .     w - +6 hand axe of Gluttony {freeze, Str+6}
rCold  . . .     Gourm    .     a - +0 robe
rNeg   . . .     Faith    .     (no shield)
rPois  +         Spirit   .     (no helmet)
rElec  .         Dismiss  .     (no cloak)
rCorr  .         Reflect  .     (no gloves)
SustAt .         Harm     .     (no boots)
MR     .....                    (no amulet)
Stlth  ++........               v - -2 ring of intelligence (curse)
                                r - ring of poison resistance

@: very slightly contaminated, not resistant to hostile enchantments, unstealthy
A: no striking features
a: no special abilities


You were on level 6 of the Dungeon.
You were hungry.

You visited 1 branch of the dungeon, and saw 6 of its levels.

You collected 321 gold pieces.

Inventory:

Hand Weapons
 e - a +1 short sword
 p - a +0 dagger of venom
 w - the +6 hand axe of Gluttony (weapon) {freeze, Str+6}
   (You took it off an orc on level 4 of the Dungeon)

   It has been specially enchanted to freeze those struck by it, causing extra
   injury to most foes and up to half again as much damage against particularly
   susceptible opponents.
   It can also slow down cold-blooded creatures.
   It affects your strength (+6).
Armour
 a - a +0 robe (worn)
Jewellery
 r - a ring of poison resistance (left hand)
 v - a cursed -2 ring of intelligence (right hand)
Wands
 m - a wand of confusion (35/48)
 n - a wand of disintegration (11/24)
 x - a wand of iceblast (9/15)
Scrolls
 h - 2 scrolls of noise {unknown}
 k - 4 scrolls of identify
 o - 2 scrolls of amnesia
 q - 3 scrolls of teleportation
 t - 3 scrolls of remove curse
 u - a scroll of recharging {unknown}
 y - a scroll of fear {unknown}
Potions
 f - 2 potions of might {unknown}
 i - 2 potions of curing {unknown}
 j - 2 potions of haste
 l - a potion of flight
 s - a potion of cure mutation {unknown}
Books
 b - a book of Flames

   Spells                             Type                      Level
   a - Flame Tongue                   Conjuration/Fire             1
   b - Throw Flame                    Conjuration/Fire             2
   c - Conjure Flame                  Conjuration/Fire             3
   d - Inner Flame                    Hexes/Fire                   3
   e - Sticky Flame                   Conjuration/Fire             4
   f - Fireball                       Conjuration/Fire             5
Comestibles
 c - 2 bread rations
 d - 3 meat rations
 g - 8 fruits
 z - a beef jerky


   Skills:
 - Level 2.0 Fighting
 - Level 2.4 Dodging
 - Level 2.4 Stealth
 - Level 6.0 Spellcasting
 + Level 4.1 Conjurations
 + Level 7.3 Fire Magic


You had 5 spell levels left.
You knew the following spells:

 Your Spells              Type           Power        Failure   Level  Hunger
a - Flame Tongue          Conj/Fire      ####.        1%          1    None
d - Fireball              Conj/Fire      ####......   30%         5    #####..
e - Conjure Flame         Conj/Fire      ####....     3%          3    ##.....
s - Sticky Flame          Conj/Fire      ####....     12%         4    ####...


Dungeon Overview and Level Annotations

Branches:
Dungeon (6/15)
 Temple: D:4-7

Altars:
Dithmenos
Qazlal
Sif Muna
Xom

Shops:
D:4 ?

Annotations:
D:4 Aquadorian's ghost, amateur HOSu


Message History

* * * LOW HITPOINT WARNING * * *
The orc priest closely misses you. The hound closely misses you.
You slash the orc priest! You freeze the orc priest.
You kill the orc priest!
You hit the hound. You freeze the hound.
The hound is moderately wounded.
The hound misses you. The hound barely misses you.
Casting: Flame Tongue
Confirm with . or Enter, or press ? or * to list all spells.
Aiming: Sticky Flame
Press: ? - help, Shift-Dir - straight line, f - hound
Aim: a hound (moderately wounded)
You miscast Sticky Flame.
You are very lightly contaminated with residual magic.
The air around you crackles with energy!
The hound closely misses you. The hound bites you.
* * * LOW HITPOINT WARNING * * *
The hound bites you.
You die...

#......#....!...#
#...............#
#..........#
.#.......#
#.......#
#.......#
#.......#
#..ho...#
#...@#.##
######.# #.# #.#
... #.# .#


You could see a hound and an orc.

Vanquished Creatures
  2 ice beasts
  A phantom (D:5)
  2 scorpions (D:5)
  A crimson imp (D:5)
  A giant frog skeleton (D:3)
  A giant frog zombie (D:5)
  2 orc priests
  A centaur skeleton (D:3)
  3 worker ants
  Robin (D:3)
  5 adders
  2 shadow imps
  3 worms
  2 dart slugs
  2 giant geckos
  21 orcs
  9 bats
  6 giant cockroaches
  14 goblins
  11 hobgoblins
  6 jackals
  9 kobolds
  2 quokkas
  A giant cockroach zombie (D:5)
  A giant gecko skeleton (D:4)
  3 giant newts
  A quokka skeleton (D:4)
  A quokka zombie (D:5)
  9 rats
  A butterfly (D:3)
124 creatures vanquished.

Notes
Turn   | Place    | Note
--------------------------------------------------------------
     0 | D:1      | spiff the Deep Elf Fire Elementalist began the quest for the Orb.
     0 | D:1      | Reached XP level 1. HP: 10/10 MP: 6/6
   186 | D:1      | Reached XP level 2. HP: 15/15 MP: 6/8
   622 | D:2      | Reached skill level 4 in Fire Magic
   626 | D:1      | Reached XP level 3. HP: 19/19 MP: 4/10
   706 | D:1      | Learned a level 3 spell: Conjure Flame
   762 | D:2      | Found a shimmering altar of Xom.
  1465 | D:2      | Reached XP level 4. HP: 24/24 MP: 8/12
  1502 | D:2      | Learned a level 4 spell: Sticky Flame
  1689 | D:2      | Found a deep blue altar of Sif Muna.
  1841 | D:3      | Reached skill level 5 in Spellcasting
  2128 | D:3      | Noticed Robin
  2173 | D:3      | Reached XP level 5. HP: 16/28 MP: 0/15
  2306 | D:3      | Learned a level 5 spell: Fireball
  2395 | D:3      | Killed Robin
  2395 | D:3      | Reached skill level 5 in Fire Magic
  3047 | D:3      | Reached skill level 1 in Fighting
  3320 | D:4      | Noticed Aquadorian's ghost (amateur HOSu)
  3324 | D:4      | Noticed an ice beast
  3369 | D:4      | Found Gosijaz's Magic Scroll Shoppe.
  3506 | D:4      | Killed an ice beast
  3506 | D:4      | Reached XP level 6. HP: 35/35 MP: 11/17
  3625 | D:4      | Got a fine hand axe {freeze}
  3692 | D:4      | Identified the +6 hand axe of Gluttony {freeze, Str+6} (You took it off an orc on level 4 of the Dungeon)
  3712 | D:4      | Found a stormy altar of Qazlal.
  3838 | D:4      | Found a shadowy altar of Dithmenos.
  3940 | D:5      | Entered Level 5 of the Dungeon
  3949 | D:5      | Reached skill level 6 in Fire Magic
  4218 | D:5      | Reached XP level 7. HP: 34/40 MP: 14/18
  4507 | D:5      | Reached skill level 7 in Fire Magic
  5366 | D:6      | HP: 1/40 [hound (3)]
  5366 | D:6      | Slain by a hound

Skill      XL: |  1  2  3  4  5  6  7 |
---------------+----------------------+-----
Spellcasting   | 4 5 6 |  6.0
Fire Magic     | 4 5 6 7 |  7.3
Fighting       | 1 2 |  2.0
Conjurations   | 2 4 |  4.1
Dodging        | |  2.4
Stealth        | |  2.4

Action                   |  1- 3 |  4- 6 |  7- 9 || total
-------------------------+-------+-------+-------++-------
Melee: Short sword       |     2 |     7 |       ||     9
       Hand axe          |       |    15 |    22 ||    37
 Cast: Flame Tongue      |    63 |   157 |    24 ||   244
       Conjure Flame     |     1 |     4 |       ||     5
       Sticky Flame      |       |     1 |       ||     1
       Fireball          |       |     1 |       ||     1
  Use: Scroll            |       |    10 |       ||    10
 Stab: Sleeping          |       |     1 |       ||     1
  Eat: Chunk             |     2 |     9 |     3 ||    14
Armor: Robe              |     5 |     5 |       ||    10
Dodge: Dodged            |    26 |    39 |    21 ||    86
